AoeStats
← HUGO QPA

Arena

510045293Analyzed
3v3 RM · 1d ago on Sep 29, 2026· 30m 48s· 6 players
Game mode
Random Map
Map size
Normal (6 player)
Population
200
Speed
Normal
Resources
Standard
Victory
Conquest
Starting age
Dark Age
Ending age
Imperial Age
RankedLock teamsTeams togetherTeam positionsShared explorationLock speedFull tech treeHidden civsTurbo modeCheats
Victory
Defeat
🇦🇷 Franks · Argentina
963
+14
🇭🇰 Turks · Hong Kong SAR China
939
+15
🇰🇷 Celts · South Korea
906
+17
🇭🇰 Persians · Hong Kong SAR China
940
-16
🇨🇳 Lithuanians · China
909
-15
🇨🇳 Mongols · China
909
-15
Shin Kawashima
7:55 Loom
10:38 Feudal Age
11:23 Horse Collar
15:50 Castle Age
14:38 Double-Bit Axe
14:44 Gold Mining
22:51 Imperial Age
21:30 Bow Saw
21:35 Heavy Plow
21:39 Padded Archer Armor
22:37 Leather Archer Armor
25:20 Ring Archer Armor
HUGO QPA
9:46 Feudal Age
15:42 Castle Age
14:18 Stone Mining
14:49 Double-Bit Axe
16:02 Town Watch
16:02 Loom
16:56 Wheelbarrow
18:34 Bow Saw
19:43 Forging
20:58 Town Patrol
22:43 Hand Cart
22:21 Gold Mining
23:00 Fletching
24:30 Bodkin Arrow
30:34 Gold Shaft Mining
wook12220
0:26 Loom
10:31 Feudal Age
12:03 Wheelbarrow
11:17 Double-Bit Axe
17:27 Castle Age
17:12 Horse Collar
18:38 Hand Cart
19:00 Bow Saw
20:28 Stone Mining
20:59 Gold Mining
25:50 Heavy Plow
28:22 Town Watch
29:55 Masonry
29:56 Fortified Wall
29:43 Murder Holes
30:01 Pikeman
彬彬有礼
0:31 Loom
12:37 Feudal Age
16:43 Castle Age
14:32 Double-Bit Axe
17:44 Bow Saw
22:29 Nomads
32:04 Imperial Age
30:21 Wheelbarrow
Ming
0:27 Loom
10:23 Feudal Age
18:42 Castle Age
16:43 Horse Collar
17:36 Double-Bit Axe
17:46 Stone Mining
18:58 Gold Mining
29:08 Stone Shaft Mining
28:55 Bloodlines
28:47 Husbandry
旺旺
10:30 Feudal Age
11:25 Double-Bit Axe
18:15 Castle Age
18:08 Stone Mining
18:03 Horse Collar
18:54 Bow Saw
18:50 Heavy Plow
23:49 Gold Mining
28:44 Imperial Age
28:00 Arson
28:16 Squires
29:28 Pikeman
Connection lost

Rejoining the realm…

Still unreachable

The connection could not be restored.

Session expired

The server has moved on; the page needs a fresh start.